 Dungeon Crawl Stone Soup version 0.20-a0-1116-gaa52201 (webtiles) character file.

435 MenacingMecha the Poker (level 7, -6/50 HPs)
             Began as a Human Skald on May 7, 2017.
             Mangled by an iguana (11 damage)
             ... on level 5 of the Dungeon.
             The game lasted 00:07:33 (3366 turns).

MenacingMecha the Poker (Human Skald)               Turns: 3366, Time: 00:07:34

Health: -6/50      AC:  4    Str: 18    XL:     7   Next: 21%
Magic:  10/10      EV: 11    Int: 13    God:
Gold:   102        SH:  0    Dex: 14    Spells: 4/10 levels left

rFire    . . .     SeeInvis .   h - +3 spear (vamp) {!w}
rCold    . . .     Gourm    .   (no shield)
rNeg     . . .     Faith    .   d - -1 ring mail (curse)
rPois    .         Spirit   .   (no helmet)
rElec    .         Reflect  .   (no cloak)
rCorr    .         Harm     .   (no gloves)
MR       .....                  (no boots)
Stlth    +.........             (no amulet)
Regen    0.2/turn               s - +6 ring of strength
MPRegen  0.2/turn               (no ring)

@: no status effects
A: no striking features
a: no special abilities


You were on level 5 of the Dungeon.
You were not hungry.

You visited 1 branch of the dungeon, and saw 5 of its levels.

You collected 138 gold pieces.
You spent 36 gold pieces at shops.

Inventory:

Hand Weapons
 h - a +3 vampiric spear (weapon) {!w}
   (You found it on level 1 of the Dungeon)
Armour
 d - a cursed -1 ring mail (worn)
   (You found it on level 1 of the Dungeon)
 e - a +0 ring mail
   (You found it on level 1 of the Dungeon)
Jewellery
 s - a +6 ring of strength (left hand)
   (You found it on level 4 of the Dungeon)
Wands
 n - a wand of paralysis (24/24)
   (You found it on level 3 of the Dungeon)
Scrolls
 a - 5 scrolls of identify
 g - 3 scrolls of enchant weapon
 j - a scroll of noise {unknown}
 p - a scroll of teleportation
 r - a scroll of remove curse {unknown}
 t - a scroll of recharging
 u - 3 scrolls of blinking {unknown}
 v - a scroll of fog {unknown}
Potions
 k - 3 potions of flight {unknown}
 o - 2 potions of agility {unknown}
 q - a potion of degeneration {unknown}
Books
 c - a book of Battle
Comestibles
 b - a royal jelly
 f - 2 meat rations
 l - 2 bread rations
 m - 5 fruits


   Skills:
 - Level 2.0 Fighting
 + Level 7.3 Polearms
 - Level 1.0 Armour
 - Level 2.0 Dodging
 - Level 2.0 Spellcasting
 - Level 3.0 Charms


You had 4 spell levels left.
You knew the following spells:

 Your Spells              Type           Power        Failure   Level  Hunger
a - Infusion              Chrm           #...         13%         1    ##.....
s - Shroud of Golubria    Chrm/Tloc      #.........   36%         2    ###....
z - Spectral Weapon       Hex/Chrm       #.......     58%         3    ####...


Dungeon Overview and Level Annotations

Branches:
Dungeon (5/15)
 Temple: D:4-7

Altars:
Xom

Shops:
D:4 ?

Annotations:
D:2 Sigmund
D:3 Grinder


Message History

You miss something. Something completely misses you.
You puncture something! You miss something.
Something hits you but does no damage.
You hit something. Something completely misses you.
You miss something. Something hits you. Something shocks you.
You closely miss something. You barely miss something. Something hits you.
Something shocks you.
You hit something.
You feel better. Something hits you. Something shocks you.
* * * LOW HITPOINT WARNING * * *
You hit something.
You feel better. Something hits you.
* * * LOW HITPOINT WARNING * * *
Something shocks you.
* * * LOW HITPOINT WARNING * * *
It was a potion of ambrosia.
You are confused.
You feel invigorated. Something hits you but does no damage.
You hit something. Something hits you.
* * * LOW HITPOINT WARNING * * *
Something shocks you.
* * * LOW HITPOINT WARNING * * *
You hit something.
You're too confused to move!
Something hits you but does no damage.
You bump into the stone wall.
Something hits you but does no damage.
You bump into the stone wall.
Something hits you but does no damage.
You're too confused to move!
Something hits you. Something shocks you.
You bump into the stone wall.
You feel less invigorated.
You feel less confused. Something hits you. Something shocks you.
You hit something.
You feel better.
Reactivating autopickup.
Your Polearms skill increases to level 7!
You have reached level 7!
You feel a bit more experienced.
Things that are here:
a hand axe; a sky beast corpse; an orc corpse You butcher the orc corpse.
i - a chunk of flesh
Things that are here:
a hand axe; a sky beast corpse
Items here: ))) [[ ††† You butcher the orc corpse.
i - 2 chunks of flesh (gained 1)
Items here: ))) [[ ÷ †† You butcher the orc corpse.
i - 5 chunks of flesh (gained 3)
Items here: ))) [[ ÷ †
Okay, then.
You start resting.
Eating one of 5 chunks of flesh.
You eat one of the 5 chunks of flesh.
This raw flesh tastes terrible.
HP restored.
You start waiting.
Eating one of 4 chunks of flesh.
You eat one of the 4 chunks of flesh.
This raw flesh tastes terrible.
All of the chunks of flesh in your inventory have rotted away.
Done waiting.
Items here: ))) [[ ÷ a flail; a dagger; a leather armour; a dagger; a robe; an orc skeleton You see here a hand axe.
An iguana comes into view.
The iguana hisses angrily.
Attack whom?
Press: ? - help, Dir - move target cursor, f - iguana
Aim: an iguana You reach to attack!
You closely miss the iguana.
Attack whom?
Press: ? - help, Dir - move target cursor, f/p - iguana
Aim: an iguana You reach to attack!
You hit the iguana but do no damage. You hit the iguana.
The iguana is lightly wounded.
The iguana hisses menacingly.
The iguana bites you!
You barely miss the iguana.
The iguana is lightly wounded.
The iguana bites you!
You completely miss the iguana.
The iguana is lightly wounded.
You hit the iguana but do no damage.
The iguana is lightly wounded.
The iguana bites you!
You hit the iguana but do no damage.
The iguana is lightly wounded.
The iguana barely misses you.
You closely miss the iguana.
The iguana is lightly wounded.
The iguana bites you!
* * * LOW HITPOINT WARNING * * *
You hit the iguana but do no damage.
The iguana is lightly wounded.
The iguana bites you but does no damage.
You hit the iguana.
You feel better.
The iguana is moderately wounded.
You hit the iguana.
You feel better.
The iguana is moderately wounded.
The iguana bites you!
* * * LOW HITPOINT WARNING * * *
You hit the iguana but do no damage.
The iguana is moderately wounded.
The iguana bites you!
You die...

#.# #.# #.# #### #.#
..# #.# #.#######.#
#.#...))..#
#....######
########....l@.#
........#...##.#
#######.##(###.#######
#.##...........##
#.######.####...## #.#
#.###.....### #.#
#...........# #.#
#####.....#. #.#
##...##


You could see an iguana.

Vanquished Creatures
  A sky beast (D:5)
  An ogre (D:4)
  An orc priest (D:5)
  An orc wizard (D:5)
  Jessica (D:2)
  Terence (D:2)
  Natasha (twice) (D:2)
  A worker ant (D:4)
  4 adders
  A worm (D:4)
  3 dart slugs
  3 leopard geckos
  3 orcs
  A giant cockroach (D:2)
  4 goblins
  7 hobgoblins
  4 kobolds
  2 ball pythons
  A bat (D:2)
  3 frilled lizards
  2 rats
47 creatures vanquished.

Notes
Turn   | Place    | Note
-------+----------+-------------------------------------------
     0 | D:1      | MenacingMecha the Human Skald began the quest for the Orb.
     0 | D:1      | Reached XP level 1. HP: 16/16 MP: 3/3
   244 | D:1      | Reached XP level 2. HP: 22/22 MP: 5/5
   642 | D:2      | Noticed Natasha
   648 | D:2      | Killed Natasha
   648 | D:2      | Reached skill level 3 in Polearms
   648 | D:2      | Reached XP level 3. HP: 27/27 MP: 6/6
   724 | D:2      | Found a shimmering altar of Xom.
   769 | D:2      | Reached skill level 4 in Polearms
   769 | D:2      | Reached XP level 4. HP: 29/33 MP: 7/7
   806 | D:2      | Noticed Jessica
   833 | D:2      | Killed Jessica
  1080 | D:2      | Noticed Natasha
  1088 | D:2      | Killed Natasha
  1088 | D:2      | Reached XP level 5. HP: 31/38 MP: 8/8
  1158 | D:2      | Noticed Sigmund
  1422 | D:3      | Noticed Grinder
  1465 | D:2      | Noticed Terence
  1495 | D:2      | Killed Terence
  1495 | D:2      | Reached skill level 5 in Polearms
  2007 | D:3      | Learned a level 2 spell: Shroud of Golubria
  2011 | D:3      | Learned a level 3 spell: Spectral Weapon
  2249 | D:4      | Noticed an ogre
  2257 | D:4      | Killed an ogre
  2257 | D:4      | Reached skill level 6 in Polearms
  2257 | D:4      | Reached XP level 6. HP: 44/44 MP: 3/9
  2279 | D:4      | Found Osodaur's Magic Scroll Emporium.
  2287 | D:4      | Bought a scroll of teleportation for 36 gold pieces
  2930 | D:5      | Entered Level 5 of the Dungeon
  3014 | D:5      | Noticed a sky beast
  3037 | D:5      | HP: 10/44 [something (6)]
  3040 | D:5      | HP: 4/44 [something (6)]
  3048 | D:5      | Killed a sky beast
  3048 | D:5      | Reached skill level 7 in Polearms
  3048 | D:5      | Reached XP level 7. HP: 20/50 MP: 10/10
  3355 | D:5      | HP: 9/50 [iguana (12)]
  3365 | D:5      | HP: 5/50 [iguana (9)]
  3366 | D:5      | Mangled by an iguana

Vault maps used:
D:1:      co_arrival_hexagon_in_a_hexagon, solitary_fountain
D:2:      old_standard_altar, first_bread, uniq_terence, uniq_sigmund,
          uniq_jessica, uniq_natasha
D:3:      kennysheep_small_spiral, uniq_grinder
D:4:      serial_shops, shop
D:5:      gammafunk_temple_overflow_wave

Skill      XL: |  1  2  3  4  5  6 |
---------------+-------------------+-----
Polearms       | 3 4 6 7 |  7.3
Fighting       | |  2.0
Armour         | |  1.0
Dodging        | |  2.0
Spellcasting   | |  2.0
Charms         | |  3.0

Action                   |  1- 3 |  4- 6 |  7- 9 || total
-------------------------+-------+-------+-------++-------
Melee: Spear             |    53 |   164 |    12 ||   229
 Cast: Infusion          |       |     1 |       ||     1
  Use: Scroll            |     1 |     2 |       ||     3
       Potion            |       |     2 |       ||     2
  Eat: Bread ration      |     1 |       |       ||     1
       Chunk             |       |     6 |     2 ||     8
Armor: Ring mail         |    13 |    29 |     1 ||    43
Dodge: Dodged            |    18 |    61 |     1 ||    80

Vault maps used:
D:1:      co_arrival_hexagon_in_a_hexagon, solitary_fountain
D:2:      old_standard_altar, first_bread, uniq_terence, uniq_sigmund,
          uniq_jessica, uniq_natasha
D:3:      kennysheep_small_spiral, uniq_grinder
D:4:      serial_shops, shop
D:5:      gammafunk_temple_overflow_wave

Table legend:
 A = Turns spent in this place as a percentage of turns spent in the entire game.
 B = Non-inter-level travel turns spent in this place as a percentage of non-inter-level travel turns spent in the entire game.
 C = Inter-level travel turns spent in this place as a percentage of turns spent in this place.
 D = Turns resting spent in this place as a percentage of non-inter-level travel turns spent in this place.
 E = Turns spent auto-exploring this place as a percentage of non-inter-level travel turns spent in this place.
 F = Non-inter-level travel turns spent in this place divided by the number of levels of this place that you've seen.
                   A       B       C       D       E      F
               +-------+-------+-------+-------+-------+----------------------
         Total | 100.0 | 100.0 |   0.6 |   2.3 |   9.3 | 162.0
       Dungeon | 100.0 | 100.0 |   0.6 |   2.3 |   9.3 | 162.0
               +-------+-------+-------+-------+-------+----------------------

Table legend:
 A = Kills in this place as a percentage of kills in entire the game.
 B = Kills by you in this place as a percentage of kills by you in the entire game.
 C = Kills by friends in this place as a percentage of kills by friends in the entire game.
 D = Other kills in this place as a percentage of other kills in the entire game.
 E = Experience gained in this place as a percentage of experience gained in the entire game.
 F = Experience gained in this place divided by the number of levels of this place that you have seen.
                   A       B       C       D       E      F
               +-------+-------+-------+-------+-------+----------------------
         Total | 100.0 | 100.0 |  -nan |  -nan | 100.0 | 124.4
       Dungeon | 100.0 | 100.0 |  -nan |  -nan | 100.0 | 124.4
               +-------+-------+-------+-------+-------+----------------------
